 Dungeon Crawl Stone Soup version 0.30-a0-21-g5d08c37080 (webtiles) character file.

Game seed: 4153629711642111000

34 KyoPewz the Magician (level 3, -5/19 HPs)
             Began as a Deep Elf Air Elementalist on Aug 24, 2022.
             Slain by a gnoll
             ... wielding a +0 spear
              (7 damage)
             ... on level 2 of the Dungeon.
             The game lasted 00:04:00 (1069 turns).

KyoPewz the Magician (Deep Elf Air Elementalist)    Turns: 1069, Time: 00:04:01

Health: -5/19      AC:  3    Str:  4 (7)  XL:     3   Next: 14%
Magic:  3/10       EV: 12    Int: 17 (19) God:
Gold:   82         SH:  0    Dex: 13 (15) Spells: 3/9 levels left

rFire   . . .      SeeInvis .    k - +0 dagger
rCold   . . .      Faith    .    (no shield)
rNeg    . . .      Spirit   .    a - +0 robe
rPois   .          Reflect  .    (no helmet)
rElec   .          Harm     .    (no cloak)
rCorr   .          Rampage  .    (no gloves)
Will    .....                    l - +0 pair of boots
Stlth   ++........               i - amulet of the acrobat
HPRegen 0.06/turn                (no ring)
MPRegen 0.12/turn                (no ring)

@: very slightly contaminated
A: no striking features
a: no special abilities


You were on level 2 of the Dungeon.
You visited 1 branch of the dungeon, and saw 2 of its levels.

You collected 82 gold pieces.

Inventory:

Hand Weapons
 k - a +0 dagger (weapon)
Armour
 a - a +0 robe (worn)
 l - a +0 pair of boots (worn)
Jewellery
 i - an amulet of the acrobat (around neck)
Scrolls
 b - a scroll of poison {unknown}
 c - a scroll of identify {unknown}
 d - a scroll of fog {unknown}
 f - a scroll of blinking {unknown}
 j - a scroll of teleportation {unknown}
Potions
 e - a potion of resistance {unknown}
 g - a potion of degeneration
 h - a potion of curing {unknown}


   Skills:
 + Level 2.9 Dodging
 - Level 3.0 Stealth
 + Level 3.5 Spellcasting
 + Level 1.7 Conjurations
 + Level 3.2 Air Magic


You had 3 spell levels left.
You knew the following spells:

 Your Spells              Type           Power      Damage    Failure   Level
a - Shock                 Conj/Air       44%        1d5       6%          1
b - Static Discharge      Conj/Air       11%        3-5/arc   9%          2
c - Swiftness             Air            14%        N/A       13%         3

Your spell library contained the following spells:

 Spells                   Type           Power      Damage    Failure   Level
 Airstrike                Air            7%         2d(1-17)  41%         4
 Sticky Flame             Conj/Fire      6%         2d3       75%         4
 Dispel Undead            Necr           2%         3d7       86%         4


Dungeon Overview and Level Annotations

Branches:
Dungeon (2/15)

Altars:


Message History

The zap hits the gnoll.
The gnoll is heavily wounded.
The zap hits the gnoll.
The gnoll is heavily wounded.
Casting: Shock (safe; 5% risk of failure)
Confirm with . or Enter, or press ? or * to list all spells.
Aiming: Shock (safe; 5% risk of failure)
Press: ? - help, Shift-Dir - straight line The zap hits the gnoll but does no damage.
The gnoll is moderately wounded.
The zap hits the gnoll.
The gnoll is heavily wounded.
The zap hits the gnoll.
The gnoll is severely wounded.
The gnoll hits you with a +0 club. The gnoll misses you.
The zap hits the gnoll.
The gnoll is heavily wounded.
The zap hits the gnoll.
The gnoll is almost dead.
The zap misses the gnoll.
The gnoll hits you with a +0 club.
The gnoll hits you from afar with a +0 spear.
Casting: Shock (safe; 5% risk of failure)
Confirm with . or Enter, or press ? or * to list all spells.
You miscast Static Discharge.
You are very lightly contaminated with residual magic.
Nothing appears to happen.
The gnoll closely misses you.
The gnoll hits you from afar with a +0 spear.
There are monsters nearby!
Casting: Static Discharge (safe; 8% risk of failure)
Confirm with . or Enter, or press ? or * to list all spells.
You miscast Static Discharge.
Nothing appears to happen.
The gnoll hits you with a +0 club!
* * * LOW HITPOINT WARNING * * *
The gnoll closely misses you.
It was a potion of degeneration.
There was something very wrong with that liquid.
You feel weakened.
You feel dopey.
You feel clumsy. The gnoll closely misses you.
The gnoll hits you from afar with a +0 spear!
You die...

#..# #.##..#
#.##..# #
########.##.. #.
#.g.g........
####.##g# #.##†#
......#@# #.##.#
#..$...# ####.##<#
###...#.###.......#
............##.####
.###.##........#
... ########## ###


You could see 2 gnolls.

Vanquished Creatures
  A gnoll (D:1)
  A dart slug (D:1)
  3 endoplasms (D:1)
  4 giant cockroaches (D:1)
  3 hobgoblins (D:1)
  3 quokkas (D:1)
  2 bats
  3 rats (D:1)
20 creatures vanquished.

Notes
Turn   | Place    | Note
-------+----------+-------------------------------------------
     0 | D:1      | KyoPewz the Deep Elf Air Elementalist began the quest for
                  | the Orb.
     0 | D:1      | Reached XP level 1. HP: 10/10 MP: 6/6
    50 | D:1      | Found a faded altar of an unknown god.
   233 | D:1      | Reached XP level 2. HP: 15/15 MP: 2/8
   302 | D:1      | Learned a level 2 spell: Static Discharge
   901 | D:1      | Reached XP level 3. HP: 19/19 MP: 4/9
   906 | D:1      | Learned a level 3 spell: Swiftness
  1069 | D:2      | Slain by a gnoll

Illustrated notes

Levels and vault maps discovered:
D:1:      dpeg_arrival_round_c, layout_basic, hellmonk_ecumenical_altar_lost_god
D:2:      layout_loops_corners, uniq_natasha

Skill      XL: |  1  2 |
---------------+-------+-----
Stealth        | 3 |  3.0
Dodging        | |  2.9
Spellcasting   | |  3.5
Conjurations   | |  1.7
Air Magic      | |  3.2

Action                   || total
-------------------------++-------
Melee: Unarmed           ||     3
 Cast: Shock             ||    48
       Static Discharge  ||     1
  Use: Potion            ||     2
Dodge: Dodged            ||    11

Table legend: (Time is in decaauts)
 A = Elapsed time spent in this place.
 B = Non-inter-level travel time spent in this place.
 C = Inter-level travel time spent in this place.
 D = Time resting spent in this place.
 E = Time spent auto-exploring this place.
 F = Levels seen in this place.
 G = Mean time per level.
                   A        B        C        D        E       F      G
               +--------+--------+--------+--------+--------+-----+--------+
         Total |   1068 |   1055 |     13 |    230 |    686 |   2 |  534.0 |
       Dungeon |   1068 |   1055 |     13 |    230 |    686 |   2 |  534.0 |
               +--------+--------+--------+--------+--------+-----+--------+

Top non-repeatable levels by time:
     D:1: 1032 daAuts
     D:2: 35 daAuts
